 Dungeon Crawl Stone Soup version 0.30.1-11-g7821555f0a (webtiles) character file.

Game seed: 13652157832942243251

1746 Peloso the Carver (level 8, -2/65 (70) HPs)
             Began as a Minotaur Fighter on Nov 11, 2023.
             Slain by a wight
             ... wielding a +3 great sword
              (11 damage)
             ... on level 6 of the Dungeon.
             The game lasted 00:10:14 (6290 turns).

Peloso the Carver (Minotaur Fighter)                Turns: 6290, Time: 00:10:17

HP:   -2/65 (70)    AC: 12    Str: 21    XL:     8   Next: 77%
MP:   7/7           EV:  8    Int:  5    God:
Gold: 280           SH: 10    Dex: 12    Spells: 7/7 levels left

rFire   + . .        a - +0 long sword
rCold   . . .        d - +0 kite shield
rNeg    . . .        c - +0 chain mail
rPois   +            (helmet restricted)
rElec   .            (no cloak)
rCorr   .            s - +0 pair of gloves
SInv    .            (no boots)
Will    .....        (no amulet) Stlth
                     f - ring of poison resistance
HPRegen 0.30/turn    v - ring of the Moon {Fly rF+}
MPRegen 0.10/turn

%: no passive effects
@: flying, drained
A: horns 2, retaliatory headbutt
a: no special abilities


You were on level 6 of the Dungeon.
You visited 1 branch of the dungeon, and saw 6 of its levels.
You also visited: Sewer.

You collected 280 gold pieces.

Inventory:

Hand Weapons
 a - a +0 long sword (weapon)
Armour
 b - a +0 scale mail
 c - a +0 chain mail (worn)
 d - a +0 kite shield (worn)
 s - a +0 pair of gloves (worn)
Jewellery
 f - a ring of poison resistance (left hand)
 p - an amulet of guardian spirit
 u - a ring of see invisible
 v - the ring of the Moon (right hand) {Fly rF+}
   (You found it on level 5 of the Dungeon)

   [ring of protection from fire]

   rF:        It protects you from fire.
   Fly:       It grants you flight.
Wands
 o - a wand of paralysis (9)
Scrolls
 i - 3 scrolls of teleportation
 m - 3 scrolls of magic mapping
 r - a scroll of poison {unknown}
 w - a scroll of amnesia {unknown}
 y - 2 scrolls of fear
 A - a scroll of summoning {unknown}
Potions
 e - 3 potions of cancellation
 g - 3 potions of might
 h - a potion of brilliance
 j - 2 potions of heal wounds
 k - a potion of haste
 l - a potion of ambrosia
 n - a potion of invisibility
 q - a potion of resistance {unknown}
 t - a potion of curing {unknown}
 x - a potion of flight {unknown}
 z - a potion of attraction {unknown}


   Skills:
 + Level 5.9 Fighting
 + Level 8.4 Long Blades
 + Level 7.8 Armour
 + Level 2.3 Dodging
 + Level 1.0 Stealth
 + Level 7.1 Shields


You had 7 spell levels left.
You didn't know any spells.
Your spell library contained the following spells:

 Spells                   Type           Power      Damage    Failure   Level
 Necrotise                Necr           0%         1d4       99%         1
 Static Discharge         Conj/Air       0%         2-2/arc   100%        2
 Summon Guardian Golem    Hex/Summ       0%         N/A       100%        3
 Vampiric Draining        Necr           0%         2d6       100%        3
 Airstrike                Air            0%         2d(0-16)  100%        4
 Summon Lightning Spire   Summ/Air       0%         N/A       100%        4
 Agony                    Necr           0%         N/A       100%        5
 Orb of Destruction       Conj           0%         9d5       100%        7
 Spellforged Servitor     Conj/Summ      0%         N/A       100%        7


Dungeon Overview and Level Annotations

Branches:
Dungeon (6/15)              Sewer (visited)
 Temple: D:4-7

Altars:
Dithmenos
Elyvilon
Hepliaklqana
Uskayaw

Shops:
D:1 =   D:2 (


Innate Abilities, Weirdness & Mutations

You have a pair of horns on your head.
You reflexively headbutt those who attack you in melee.


Message History

You block the wight's attack.
Your life force feels restored.
Your Shields skill increases to level 7!
You barely miss the wight.
The wight is severely damaged.
The howler monkey hits you. You block the wight's attack. x2
The wight barely misses you. You furiously retaliate!
You headbutt the wight!
The howler monkey hits you but does no damage.
Unknown command.
You barely miss the wight.
The wight is severely damaged.
The wight hits you from afar with a +0 trident.
You block the wight's attack.
The wight hits you with a +3 great sword!
* * * LOW HITPOINT WARNING * * *
You block the howler monkey's attack.
You feel much better.
The wight hits you but does no damage. x3
The howler monkey hits you but does no damage.
Unknown command.
You closely miss the wight.
The wight is severely damaged.
You block the howler monkey's attack.
The wight hits you from afar with a +0 trident.
The wight hits you with a +3 short sword.
You feel drained.
The wight hits you with a +3 great sword!
The howler monkey hits you but does no damage.
You hit the wight.
The wight is severely damaged.
The wight hits you but does no damage. You block the wight's attack.
The wight hits you with a +3 great sword!
* * * LOW HITPOINT WARNING * * *
You feel drained.
* * * LOW HITPOINT WARNING * * *
The howler monkey hits you but does no damage.
The wight hits you from afar with a +0 trident!
* * * LOW HITPOINT WARNING * * *
You feel drained.
The wight hits you with a +3 great sword!
You die...

..... D.#...# ...<.
##§...#### #.
.##...#<##...... ..
............z..# .. ##
...#..##..##..# .# (.#
...#..o)#>....## .##..
#.....o.##...... ...
..##.##.##....z##z##
.##..#..##.....[@z.#
#!............##h.....#
#......#.###..# ....##.
##....####....####..#
##....##......##.....
#.#...#.....§.......#
...##............#..##
..... #............# ..
#....####..........##...


You could see a howler monkey and 3 wights.

Vanquished Creatures
  Sigmund (D:2)
  A steam dragon (D:6)
  2 water moccasins
  A sky beast (D:5)
  An ice beast (D:5)
  2 ogres
  2 phantoms
  A centaur (D:5)
  A gnoll sergeant (D:5)
  A scorpion (D:4)
  A jelly (D:5)
  An orc priest (D:5)
  3 hounds (D:5)
  A sleepcap (D:5)
  Terence (D:3)
  2 iguanas (D:5)
  3 orc wizards
  Robin (D:4)
  5 gnolls (D:5)
  5 adders
  A river rat (D:4)
  A shadow imp (D:5)
  2 ufetubi (D:5)
  2 worms
  3 dart slugs
  14 orcs
  6 ball pythons
  6 bats
  3 endoplasms
  2 giant cockroaches
  10 goblins
  6 hobgoblins
  7 jackals
  2 quokkas
  3 frilled lizards
  4 kobolds
  6 rats
114 creatures vanquished.

Vanquished Creatures (others)
  An orc wizard (D:6)
1 creature vanquished.

Grand Total: 115 creatures vanquished

Notes
Turn   | Place    | Note
-------+----------+-------------------------------------------
     0 | D:1      | Peloso the Minotaur Fighter began the quest for the Orb.
     0 | D:1      | Reached XP level 1. HP: 19/19 MP: 0/0
   519 | D:1      | Found Orheufat's Jewellery Shop.
   959 | D:2      | Reached XP level 2. HP: 27/27 MP: 1/1
  1180 | D:2      | Found Duts's Weapon Shoppe.
  1293 | D:2      | Noticed Sigmund
  1314 | D:1      | Reached XP level 3. HP: 22/33 MP: 2/2
  1682 | D:3      | Noticed an ogre
  1693 | D:3      | Killed an ogre
  1694 | D:3      | Reached skill level 3 in Long Blades
  1694 | D:3      | Reached skill level 5 in Armour
  1694 | D:3      | Reached XP level 4. HP: 23/40 MP: 3/3
  1808 | D:3      | Noticed Terence
  1819 | D:3      | Killed Terence
  1820 | D:3      | Reached XP level 5. HP: 44/46 MP: 4/4
  1833 | D:3      | Reached skill level 4 in Long Blades
  2076 | D:3      | Found a hazy altar of Hepliaklqana.
  2421 | D:4      | Found a glowing drain.
  2443 | Sewer    | Entered a sewer
  3248 | Sewer    | Noticed a water moccasin
  3258 | Sewer    | Killed a water moccasin
  3259 | Sewer    | Reached skill level 5 in Long Blades
  3259 | Sewer    | Reached XP level 6. HP: 50/53 MP: 5/5
  3382 | D:4      | Reached skill level 1 in Dodging
  3498 | D:4      | Noticed Robin
  3512 | D:4      | Reached skill level 5 in Shields
  3526 | D:4      | Killed Robin
  3744 | D:4      | Reached XP level 7. HP: 57/60 MP: 6/6
  4092 | D:4      | Found a hide-covered altar of Uskayaw.
  4122 | D:5      | Entered Level 5 of the Dungeon
  4165 | D:5      | Reached skill level 6 in Long Blades
  4357 | D:5      | Identified the ring of the Moon {Fly rF+}
  4393 | D:5      | Reached skill level 1 in Stealth
  4435 | D:5      | Reached skill level 5 in Fighting
  4456 | D:5      | Found a shadowy altar of Dithmenos.
  4693 | D:5      | Reached skill level 7 in Long Blades
  4693 | D:5      | Reached XP level 8. HP: 56/68 MP: 7/7
  5644 | D:2      | Killed Sigmund
  6074 | D:6      | Reached skill level 8 in Long Blades
  6091 | D:6      | Found a white marble altar of Elyvilon.
  6290 | D:6      | Slain by a wight

Illustrated notes

Levels and vault maps discovered:
D:1:      dpeg_arrival_ternary, layout_loops_corners, serial_shops,
          nicolae_shop_tiny_waterfront, amethyst_killhole
D:2:      layout_basic, serial_shops, shop, uniq_sigmund
D:3:      layout_rooms, general_overflow_altar, kennysheep_pointless_box,
          uniq_terence
D:4:      layout_loops_ring, nicolae_uskayaw_suspiria, portal_sewer_entry_c,
          uniq_robin
D:5:      layout_basic, grunt_dithmenos_shadows
D:6:      layout_cave_pools, elyvilon_altar_5, nicolae_vehumet_radiance,
          uniq_grinder

Skill      XL: |  1  2  3  4  5  6  7  8 |
---------------+-------------------------+-----
Armour         | 4 5 6 7 |  7.8
Fighting       | 4 5 |  5.9
Long Blades    | 3 5 7 8 |  8.4
Shields        | 4 5 6 7 |  7.1
Dodging        | 1 2 |  2.3
Stealth        | 1 |  1.0

Action                     |  1- 3 |  4- 6 |  7- 9 || total
---------------------------+-------+-------+-------++-------
  Melee: Long sword        |    48 |   151 |   179 ||   378
         Headbutt          |     3 |    28 |    35 ||    66
  Evoke: Wand              |     1 |       |       ||     1
    Use: Potion            |     1 |       |     1 ||     2
         Scroll            |     3 |     5 |     1 ||     9
   Stab: Paralysed         |     1 |       |       ||     1
 Armour: Chain mail        |    24 |    84 |   120 ||   228
         Scale mail        |     4 |       |       ||     4
  Dodge: Dodged            |    14 |    75 |    60 ||   149
  Block: Buckler           |    14 |    51 |     7 ||    72
         Kite shield       |       |       |    99 ||    99
